 Dungeon Crawl Stone Soup version 0.25-a0-471-g78e40d7af6 (webtiles) character file.

Game seed: 10661161407669348242, levelgen mode: deterministic

363354 Kape1 the Slayer (level 21, -8/318 HPs)
             Began as a Minotaur Fighter on Feb 1, 2020.
             Was a High Priest of Okawaru.
             Killed from afar by a starcursed mass (illusionary) (10 damage)
             ... with an accursed screaming
             ... while paralysed by accursed screaming
             ... on level 2 of the Abyss on Feb 6, 2020.
             The game lasted 02:38:01 (46718 turns).

Kape1 the Slayer (Minotaur Fighter)                Turns: 46718, Time: 02:38:02

Health: -8/318     AC: 34    Str: 23    XL:     21   Next: 53%
Magic:  12/24      EV: -1    Int:  1    God:    Okawaru [*****.]
Gold:   5241       SH:  0    Dex: 18    Spells: 20/20 levels left

rFire    + + .     SeeInvis .   Q - +5 demon blade (vorpal)
rCold    + . .     Gourm    +   r - +2 shield {rF+}
rNeg     + + +     Faith    .   (armour currently unavailable)
rPois    +         Spirit   .   (helmet currently unavailable)
rElec    +         Reflect  .   (cloak currently unavailable)
rCorr    .         Harm     .   (gloves currently unavailable)
MR       +....     NoTele   +   (boots currently unavailable)
Stlth    ++........             w - amulet of the gourmand
HPRegen  0.63/turn              G - +4 ring of protection
MPRegen  0.19/turn              B - ring "Gyjacax" {rElec rF+ rC+ MP+9 Slay+3}

@: paralysed, tree-form, silence, heroism, flayed, very slightly contaminated,
hasted, constricted, studying Stealth
A: (retaliatory headbutt), [blurry vision 2], [dopey 2], [low mp 2]
}: 2/15 runes: serpentine, barnacled
a: Renounce Religion


You were on level 2 of the Abyss.
You worshipped Okawaru.
Okawaru was extremely pleased with you.
You were not hungry.
You were a tree.
You visited 8 branches of the dungeon, and saw 37 of its levels.
You visited the Abyss 1 time.
You also visited: Bailey.

You collected 6631 gold pieces.
You spent 1390 gold pieces at shops.

Inventory:

Hand Weapons
 k - the +7 scimitar of the Vulture {vorpal, Int+4}
   (Okawaru gifted it to you on level 4 of the Snake Pit)

   It inflicts extra damage upon your enemies.
   It affects your intelligence (+4).
 q - the +8 falchion of the End of Times {vorpal, *Rage rPois MR+ Str+7, unknown}
   (Okawaru gifted it to you on level 2 of the Depths)

   It inflicts extra damage upon your enemies.
   It affects your strength (+7).
   It protects you from poison.
   It affects your resistance to hostile enchantments.
   It may make you go berserk in combat.
 C - a +8 vorpal falchion
 I - the +7 long sword of Ishraw {flame, rN+ MP-9 Int+2}
   (Okawaru gifted it to you on level 3 of the Snake Pit)

   It has been specially enchanted to burn those struck by it, causing extra
   injury to most foes and up to half again as much damage against particularly
   susceptible opponents.
   Big, fiery blades are also staple armaments of hydra-hunters.
   It affects your intelligence (+2).
   It protects you from negative energy.
   It affects your magic capacity (-9).
 Q - a +5 vorpal demon blade (weapon)
 U - a +3 double sword of flaming
Armour
 b - a +2 pair of boots of stealth (melded)
 i - a +2 cloak of poison resistance (melded)
 r - a +2 shield of fire resistance (worn)
 t - the +2 pair of gloves "Tygguo" (melded) {MR+ rCorr Str+4 Slay+2}
   (You acquired it on level 3 of the Snake Pit)

   It affects your strength (+4).
   It affects your accuracy and damage with ranged weapons and melee attacks
   (+2).
   It affects your resistance to hostile enchantments.
   It provides partial protection from all sources of acid and corrosion.
   If you remove this armour, your AC will rise 0 points (34 -> 34)
 M - the +10 plate armour "Vesh" (melded) {rF+}
   (You found it on level 1 of the Depths)

   It protects you from fire.
   If you remove this armour, your AC will rise 0 points (34 -> 34)
 T - the +0 hat "Ucsyto" (melded) {Int+4 Dex+3}
   (Okawaru gifted it to you on level 13 of the Dungeon)

   It affects your intelligence (+4).
   It affects your dexterity (+3).
   If you remove this armour, your AC will rise 0 points (34 -> 34)
Jewellery
 w - an amulet of the gourmand (around neck)
 z - an uncursed ring of protection from magic
 B - the ring "Gyjacax" (right branch) {rElec rF+ rC+ MP+9 Slay+3}
   (You acquired it on level 9 of the Dungeon)

   [ring of magical power]

   It affects your accuracy and damage with ranged weapons and melee attacks
   (+3).
   It protects you from fire.
   It protects you from cold.
   It insulates you from electricity.
   It affects your magic capacity (+9).
 G - a +4 ring of protection (left branch)
Wands
 v - a wand of paralysis (37)
 D - a wand of iceblast (50)
 N - a wand of acid (23)
 V - a wand of disintegration (11)
 W - a wand of clouds (13)
 Y - a wand of digging (6)
Scrolls
 l - 10 scrolls of amnesia
 n - 11 scrolls of teleportation
 p - a scroll of brand weapon
 s - 4 scrolls of noise
 u - 17 scrolls of identify
 y - 4 scrolls of fog
 F - a scroll of magic mapping
 J - a scroll of fear
 K - a scroll of enchant weapon
 R - 11 scrolls of remove curse
 S - 2 scrolls of silence
Potions
 a - 3 potions of resistance
 c - a potion of invisibility
 d - a potion of might
 e - 17 potions of curing
 g - 7 potions of agility
 h - a potion of magic
 j - 4 potions of ambrosia
 o - 4 potions of flight
 x - 4 potions of lignification
 E - 2 potions of brilliance
 H - 2 potions of haste
 O - 7 potions of mutation
Books
 A - a manual of Stealth
Miscellaneous
 L - a crystal ball of energy
 X - a lightning rod (4/4)
 Z - a lightning rod (4/4)
Comestibles
 f - 64 rations


   Skills:
 + Level 23.4(27) Fighting
 + Level 18.8(23.8) Long Blades
   Level 5.0(10.0) Maces & Flails
 + Level 20.7(25.7) Armour
 + Level 16.7(21.7) Dodging
 + Level 18.3(23.3) Shields


You had 20 spell levels left.
You didn't know any spells.
Your spell library contained the following spells:

 Spells                   Type           Power        Failure   Level  Hunger
 Animate Skeleton         Necr           N/A          56%         1    ##.....
 Beastly Appendage        Tmut           #.....       56%         1    ##.....
 Corona                   Hex            #......      56%         1    ##.....
 Foxfire                  Conj/Fire      #...         56%         1    ##.....
 Pain                     Necr           #...         56%         1    ##.....
 Sandblast                Erth           #.....       56%         1    ##.....
 Summon Small Mammal      Summ           #...         56%         1    ##.....
 Call Imp                 Summ           #.......     71%         2    ###....
 Ensorcelled Hibernation  Hex/Ice        #.....       71%         2    ###....
 Passwall                 Tmut/Erth      #.......     71%         2    ###....
 Poisonous Vapours        Pois/Air       #.....       71%         2    ###....
 Sticks to Snakes         Tmut           #.......     71%         2    ###....
 Call Canine Familiar     Summ           #.......     91%         3    ####...
 Confusing Touch          Hex            #.......     91%         3    ####...
 Conjure Flame            Conj/Fire      #.......     91%         3    ####...
 Dazzling Flash           Conj/Hex       #.....       91%         3    ####...
 Gell's Gravitas          Tloc           #.........   91%         3    ####...
 Inner Flame              Hex/Fire       #.......     91%         3    ####...
 Mephitic Cloud           Conj/Pois/Air  #.......     91%         3    ####...
 Recall                   Summ/Tloc      N/A          91%         3    ####...
 Spider Form              Tmut/Pois      #.........   91%         3    ####...
 Stone Arrow              Conj/Erth      #.....       91%         3    ####...
 Summon Guardian Golem    Hex/Summ       #.......     91%         3    ####...
 Tukima's Dance           Hex            #.......     91%         3    ####...
 Vampiric Draining        Necr           #.........   91%         3    ####...
 Animate Dead             Necr           N/A          100%        4    #####..
 Ice Form                 Ice/Tmut       #.......     100%        4    #####..
 Leda's Liquefaction      Hex/Erth       #.........   100%        4    #####..
 Petrify                  Tmut/Erth      #.......     100%        4    #####..
 Sticky Flame             Conj/Fire      #.......     100%        4    #####..
 Summon Ice Beast         Ice/Summ       #.......     100%        4    #####..
 Summon Lightning Spire   Summ/Air       #.......     100%        4    #####..
 Agony                    Necr           #.......     100%        5    ######.
 Aura of Abjuration       Summ           #.........   100%        5    ######.
 Blade Hands              Tmut           #.........   100%        5    ######.
 Bolt of Magma            Conj/Fire/Erth #.........   100%        5    ######.
 Borgnjor's Vile Clutch   Necr/Erth      #.........   100%        5    ######.
 Fireball                 Conj/Fire      #.........   100%        5    ######.
 Iskenderun's Battlesphe  Conj/Chrm      #.......     100%        5    ######.
 Lee's Rapid Deconstruct  Erth           #.........   100%        5    ######.
 Metabolic Englaciation   Hex/Ice        #.........   100%        5    ######.
 Summon Demon             Summ           #.........   100%        5    ######.
 Summon Forest            Summ/Tloc      #.........   100%        5    ######.
 Summon Mana Viper        Hex/Summ       #.......     100%        5    ######.
 Yara's Violent Unravell  Hex/Tmut       #.........   100%        5    ######.
 Death Channel            Necr           #.........   100%        6    #######
 Freezing Cloud           Conj/Ice/Air   #.........   100%        6    #######
 Iron Shot                Conj/Erth      #.........   100%        6    #######
 Shadow Creatures         Summ           N/A          100%        6    #######
 Simulacrum               Ice/Necr       #.........   100%        6    #######
 Statue Form              Tmut/Erth      #........    100%        6    #######
 Orb of Destruction       Conj           #.........   100%        7    #######
 Ring of Flames           Chrm/Fire      #.........   100%        7    #######
 Spellforged Servitor     Conj/Summ      #.........   100%        7    #######
 Shatter                  Erth           #.........   100%        9    #######


Dungeon Overview and Level Annotations

Branches:
Dungeon (15/15)            Temple (1/1) D:7            Lair (6/6) D:9
 Shoals (4/4) Lair:2        Snake (4/4) Lair:2        Slime (0/5) Lair:6
    Orc (2/2) D:11            Elf (0/3) Orc:2        Vaults (1/5) D:14
 Depths (4/5) D:15         Bailey (visited)

Altars:
Ashenzari
Cheibriados
Dithmenos
Fedhas
Hepliaklqana
Kikubaaqudgha
Makhleb
Nemelex Xobeh
Okawaru
Ru
Trog
Xom
The Shining One
Beogh

Shops:
D:10 [   Orc:1 *:=   Orc:2 =[[}   Snake:1 *   Snake:4 [

Portals:
Hell: Depths:1 Depths:2 Depths:3 Depths:4
Abyss: Depths:2 Depths:4
Pandemonium: Depths:2 Depths:3
Ziggurat: Depths:1
Bazaar: Shoals:1
Trove: D:15 (give +6 demon whip)

Annotations:
Lair:3 exclusion: 2 oklob plants
Shoals:2 3 runed translucent doors, dogaso222's ghost, adept HaHu
Orc:2 2 transporters, feta's ghost, journeyman TrMo
Depths:2 Saint Roka


Innate Abilities, Weirdness & Mutations

((You reflexively headbutt those who attack you in melee.))
((You have a pair of horns on your head.))
[Scrolls take you longer to read.]
[You are very dopey. (Int -4)]
[Your magical capacity is very low. (-20% MP)]
[((You are often teleported next to monsters.))]


Message History

You block the anaconda skeleton's attack.
The anaconda skeleton constricts you.
A starcursed mass splits.
The rakshasa weaves an illusion.
The starcursed mass shimmers and seems to become two!
The vampire mage mumbles some strange words.
The vampire mage flickers and vanishes!
The anaconda skeleton bites you but does no damage.
* * * LOW HITPOINT WARNING * * *
The anaconda skeleton constricts you. The frost giant skeleton hits you!
* * * LOW HITPOINT WARNING * * *
A cacophony of accursed wailing tears at your sanity!
* * * LOW HITPOINT WARNING * * *
You suddenly lose the ability to move!
A starcursed mass splits.
The flayed ghost hits you but does no damage.
The anaconda skeleton bites you but does no damage.
* * * LOW HITPOINT WARNING * * *
The anaconda skeleton constricts you.
A cacophony of accursed wailing tears at your sanity!
You die...

. ........ ...X
..................Z..!#
..#.#......X......#.# .
.#......SXXXXX.(##..# #
..........XX..V#.....# #
..........XN{R. .... ...
........X..N##..........
....#.WX*X....# ... ..#
......Z♣Z........... . .
.......##.#..##........
....... ........ ...
....... ..... . .
.##.... . ..... . ..
#?... ... ..... #. #....
. . ... .. ..... .......
.


You could see 11 starcursed masses, a naga warrior (fleeing), a wretched star, a
rakshasa, a salamander (fleeing), a flayed ghost, a large abomination, a
guardian serpent (fleeing), a vampire, an anaconda skeleton and a frost giant
skeleton.

Vanquished Creatures
  A caustic shrike (Depths:4)
  A bone dragon (Abyss:2)
  2 liches
  A tentacled monstrosity (Depths:3)
  2 deep elf blademasters (Depths:4)
  A kraken (Shoals:2)
  Polyphemus (Shoals:3)
  A sphinx (Depths:4)
  3 tengu reavers
  A shadow dragon (Depths:4)
  A shadow dragon (shapeshifter) (Depths:4)
  3 fire giants
  7 nagarajas
  2 iron dragons
  An orc warlord (Orc:2)
  Louise (D:15)
  Aizul (Snake:1)
  4 frost giants
  A juggernaut zombie (Depths:2)
  An ironheart preserver (D:14)
  13 very ugly things
  A draconian annihilator (Depths:4)
  5 stone giants
  2 vampire knights
  An entropy weaver (Depths:4)
  A deep elf demonologist (Depths:4)
  Azrael (Snake:2)
  7 spark wasps
  2 ettins (Depths:4)
  7 fire dragons
  6 merfolk impalers
  3 small abominations
  6 merfolk javelineers
  9 ogre magi
  4 great orbs of eyes
  A deep elf death mage (Depths:4)
  2 deep elf high priests (Depths:4)
  4 yaktaur captains
  A jiangshi (Depths:4)
  5 rakshasas
  18 naga warriors
  A monstrous demonspawn (Depths:3)
  5 ice dragons
  10 anacondas
  3 catoblepae
  5 hydras
  5 spriggan air magi
  29 two-headed ogres
  7 merfolk avatars
  2 alligator snapping turtles
  8 centaur warriors
  9 merfolk aquamancers
  3 death yaks (Shoals:3)
  A satyr (Shoals:2)
  7 naga sharpshooters
  6 deep troll earth magi
  8 tengu warriors
  2 thrashing horrors (Abyss:2)
  6 shock serpents
  A storm dragon zombie (Depths:2)
  7 spriggan berserkers
  7 vampire magi
  A soul eater (Depths:3)
  2 spriggans (Depths:2)
  9 hell knights
  2 skeletal warriors (D:15)
  2 salamander mystics
  15 sea snakes
  6 deep trolls
  A spark wasp zombie (Depths:4)
  3 unseen horrors
  3 glowing orange brains
  2 flayed ghosts
  4 naga ritualists
  A gelid demonspawn (Depths:3)
  A deep troll (shapeshifter) (D:15)
  A lindwurm (shapeshifter) (Depths:4)
  2 wizards (Depths:3)
  An orc knight (Orc:1)
  3 phantasmal warriors
  17 harpies
  A harpy (shapeshifter) (Depths:4)
  6 necromancers
  2 deep elf magi
  6 mana vipers
  A fire giant zombie (Depths:2)
  4 cyclopes
  29 ugly things
  An orc sorcerer (Orc:1)
  9 salamanders
  5 fauns
  A frost giant zombie (D:15)
  2 frost giant skeletons
  12 elephants
  15 manticores
  3 centaur zombies
  24 naga magi
  7 merfolk sirens
  29 black mambas
  A stone giant skeleton (Depths:1)
  8 spiny frogs
  An eye of devastation (shapeshifter) (Depths:3)
  8 water nymphs
  A guardian serpent (Snake:4)
  Psyche (D:8)
  A torpor snail (shapeshifter) (Depths:1)
  7 rime drakes
  2 hellions
  A hellwing (Abyss:2)
  A kobold demonologist (D:11)
  An efreet (D:14)
  3 gargoyles
  5 yaktaurs
  A rime drake (shapeshifter) (Depths:4)
  7 komodo dragons
  An ice devil (Depths:3)
  5 large abominations (Abyss:2)
  10 trolls
  4 tengu conjurers
  6 harpy zombies (Shoals:4)
  A queen bee (shapeshifter) (D:13)
  30 merfolk
  5 hornets
  2 wind drakes
  A hornet (shapeshifter) (Depths:3)
  4 raiju (Abyss:2)
  A wind drake (shapeshifter) (Depths:4)
  A harpy skeleton (D:14)
  3 spriggan zombies
  8 blink frogs (Lair:4)
  9 hippogriffs
  10 snapping turtles
  22 slime creatures
  A centaur simulacrum (D:14)
  A tarantella (shapeshifter) (Depths:2)
  Sigmund (D:3)
  24 water elementals
  A wraith (D:12)
  4 wyverns
  2 ynoxinuls (Abyss:2)
  2 fire elementals (Snake:2)
  A human (D:7)
  2 shadows
  59 yaks
  A neqoxec (Depths:3)
  A basilisk (D:15)
  3 hogs (D:7)
  3 hungry ghosts
  2 steam dragons
  11 vampire mosquitoes
  2 wargs
  35 nagas
  An acid dragon (D:13)
  A soldier ant (D:13)
  6 hell hounds
  15 porcupines
  An acid dragon (shapeshifter) (D:13)
  13 water moccasins
  7 ice beasts
  23 orc warriors
  3 sky beasts
  3 eyes of draining
  5 wolves (Lair:5)
  A fire dragon simulacrum (Depths:1)
  A black bear (D:9)
  A hornet zombie (D:14)
  A phantom (D:12)
  2 boggarts
  45 ogres
  16 centaurs
  11 crocodiles
  6 big kobolds
  3 hippogriff zombies (Shoals:4)
  17 bullfrogs
  A wyvern skeleton (D:11)
  6 scorpions
  9 killer bees
  14 wights
  3 howler monkeys
  8 crimson imps
  A starcursed mass (Abyss:2)
  A lava snake (Lair:6)
  A quasit (D:11)
  5 bullfrog skeletons
  15 hounds
  3 jellies
  11 orc priests
  27 orc wizards
  An iron imp (Depths:1)
  Jessica (D:2)
  5 centaur skeletons
  3 iguanas
  10 worker ants
  2 hound skeletons
  2 worker ant zombies
  13 adders
  11 gnolls
  A howler monkey skeleton (D:6)
  2 shadow imps
  12 white imps (Orc:1)
  2 ufetubi (Abyss:2)
  2 adder skeletons
  2 adder zombies
  4 worms
  4 dart slugs
  4 leopard geckos
  104 orcs
  5 giant cockroaches
  12 goblins
  5 hobgoblins
  5 jackals
  7 quokkas
  4 ball pythons
  3 bats
  4 frilled lizards
  A jackal zombie (D:7)
  29 kobolds
  A leopard gecko zombie (D:7)
  9 rats
  2 fungi (Depths:1)
  12 plants
  4 tentacles (Shoals:2)
1403 creatures vanquished.

Vanquished Creatures (others)
  A merfolk (Shoals:1)
  2 vampire mosquitoes (D:15)
  An orc wizard (Orc:2)
  An ufetubus (Abyss:2)
  A kobold (D:12)
  A bush (Lair:5)
  17 fungi
  42 plants
  4 starspawn tentacles (Abyss:2)
  2 tentacles (Shoals:2)
  5 toadstools (Depths:1)
  6 withered plants (D:15)
83 creatures vanquished.

Grand Total: 1486 creatures vanquished

Notes
Turn   | Place    | Note
-------+----------+-------------------------------------------
     0 | D:1      | Kape1 the Minotaur Fighter began the quest for the Orb.
     0 | D:1      | Reached XP level 1. HP: 19/19 MP: 0/0
   215 | D:1      | Reached XP level 2. HP: 27/27 MP: 1/1
   270 | D:1      | Reached skill level 4 in Fighting
   806 | D:2      | Reached XP level 3. HP: 33/33 MP: 2/2
   845 | D:2      | Noticed Jessica
   852 | D:2      | Killed Jessica
   852 | D:2      | Reached skill level 1 in Dodging
   981 | D:2      | Reached XP level 4. HP: 41/41 MP: 3/3
  1575 | D:3      | Found a shattered altar of Ashenzari.
  1601 | D:3      | Noticed Sigmund
  1612 | D:3      | Killed Sigmund
  1612 | D:3      | Reached skill level 5 in Fighting
  1612 | D:3      | Reached XP level 5. HP: 46/49 MP: 4/4
  1612 | D:3      | Reached XP level 6. HP: 53/56 MP: 5/5
  1923 | D:3      | Found a sacrificial altar of Ru.
  2205 | D:4      | Reached skill level 6 in Fighting
  2233 | D:4      | Reached skill level 5 in Armour
  2325 | D:4      | Reached skill level 5 in Shields
  2547 | D:4      | Reached XP level 7. HP: 43/64 MP: 6/6
  2940 | D:5      | Entered Level 5 of the Dungeon
  3006 | D:5      | Got a fine scale mail
  3017 | D:5      | Identified the +4 scale mail of Tenacity {rC+ rN+} (You
                  | found it on level 5 of the Dungeon)
  3248 | D:5      | Reached skill level 7 in Fighting
  3281 | D:5      | Reached skill level 5 in Long Blades
  3335 | D:5      | Reached XP level 8. HP: 73/73 MP: 7/7
  4094 | D:6      | Reached skill level 8 in Fighting
  5106 | D:7      | Reached skill level 9 in Fighting
  5117 | D:7      | Reached XP level 9. HP: 74/83 MP: 8/8
  5128 | D:7      | Reached skill level 5 in Dodging
  5643 | D:7      | Reached skill level 10 in Fighting
  5819 | D:7      | Identified the +3 chain mail of Fuvevag {*Corrode rPois
                  | rF+}
  5858 | D:7      | Found a runed translucent door.
  6007 | D:7      | Found a staircase to the Ecumenical Temple.
  6018 | Temple   | Entered the Ecumenical Temple
  6029 | Temple   | Became a worshipper of Warmaster Okawaru
  6267 | D:7      | Found a roughly hewn altar of Beogh.
  6432 | D:8      | Noticed a two-headed ogre
  6448 | D:8      | Killed a two-headed ogre
  6448 | D:8      | Reached * piety under Okawaru
  6448 | D:8      | Reached XP level 10. HP: 58/94 MP: 9/9
  6505 | D:8      | Reached skill level 11 in Fighting
  6815 | D:8      | Identified a scroll of acquirement
  6865 | D:8      | Noticed Psyche
  6880 | D:8      | Killed Psyche
  7381 | D:9      | Reached ** piety under Okawaru
  7399 | D:9      | Identified the ring "Gyjacax" {rElec rF+ rC+ MP+9 Slay+3}
                  | (You acquired it on level 9 of the Dungeon)
  7735 | D:9      | Found a flagged portal.
  7764 | Bailey   | Entered a bailey
  7764 | Bailey   | Noticed an orc knight
  7988 | D:9      | Found a staircase to the Lair.
  7994 | D:9      | Reached skill level 12 in Fighting
  8440 | D:10     | Entered Level 10 of the Dungeon
  8456 | D:10     | Reached *** piety under Okawaru
  8456 | D:10     | Reached skill level 1 in Maces & Flails
  8653 | D:10     | Reached XP level 11. HP: 89/104 MP: 10/10
  8799 | D:10     | Received a gift from Okawaru
  8857 | D:10     | Reached skill level 5 in Maces & Flails
  8880 | D:10     | Found Juskyan's Antique Armour Emporium.
  9309 | D:11     | Noticed a soul eater
  9310 | D:11     | Reached **** piety under Okawaru
  9353 | D:11     | Found a shadowy altar of Dithmenos.
  9946 | D:11     | Found a staircase to the Orcish Mines.
  9981 | D:11     | Killed an unseen horror
 10076 | D:11     | Reached skill level 13 in Fighting
 10510 | D:12     | Noticed a two-headed ogre
 10510 | D:12     | Noticed a red ugly thing
 10584 | D:12     | Reached ***** piety under Okawaru
 10600 | D:11     | Reached skill level 10 in Shields
 10705 | D:11     | Reached skill level 10 in Armour
 10908 | D:12     | Killed a red ugly thing
 10908 | D:12     | Reached XP level 12. HP: 108/115 MP: 11/11
 11171 | D:12     | Killed a two-headed ogre
 11171 | D:12     | Reached skill level 10 in Long Blades
 11673 | D:13     | Noticed a two-headed ogre
 11682 | D:13     | Killed a two-headed ogre
 11682 | D:13     | Received a gift from Okawaru
 11682 | D:13     | Reached skill level 14 in Fighting
 11685 | D:13     | Got a fine hat {god gift}
 11693 | D:13     | Identified the +0 hat "Ucsyto" {Int+4 Dex+3} (Okawaru
                  | gifted it to you on level 13 of the Dungeon)
 12060 | D:13     | Noticed a centaur warrior
 12068 | D:13     | Killed a centaur warrior
 12391 | D:14     | Noticed a rakshasa
 12394 | D:14     | Noticed a two-headed ogre
 12419 | D:14     | Noticed an ogre mage
 12465 | D:14     | Killed an ogre mage
 12496 | D:14     | Noticed a centaur warrior
 12503 | D:14     | Killed a centaur warrior
 12568 | D:14     | Killed a two-headed ogre
 12585 | D:14     | Killed a rakshasa
 12595 | D:14     | Reached XP level 13. HP: 83/125 MP: 12/12
 12735 | D:14     | Found a gate to the Vaults.
 12735 | D:14     | Noticed an ironheart preserver
 12768 | D:14     | Killed an ironheart preserver
 12768 | D:14     | Reached skill level 15 in Fighting
 13261 | D:14     | Reached skill level 10 in Dodging
 13676 | D:15     | Entered Level 15 of the Dungeon
 13839 | D:15     | Noticed Louise
 14311 | Lair:1   | Entered Level 1 of the Lair of Beasts
 15554 | Lair:2   | Found a bloodstained altar of Trog.
 15621 | Lair:2   | Reached ****** piety under Okawaru
 15623 | Lair:2   | Received a gift from Okawaru
 16073 | Lair:2   | Found a staircase to the Snake Pit.
 16174 | Lair:2   | Found a staircase to the Shoals.
 16694 | Lair:3   | Reached skill level 16 in Fighting
 17344 | Lair:4   | Reached XP level 14. HP: 124/138 MP: 13/13
 18742 | Lair:6   | Entered Level 6 of the Lair of Beasts
 18953 | Lair:6   | Reached skill level 17 in Fighting
 19221 | Lair:6   | Received a gift from Okawaru
 19245 | Lair:6   | Got a faintly glowing falchion {god gift}
 19246 | Lair:6   | Identified the +6 falchion of the Middle {freeze, rElec
                  | Str-5 Int+6} (Okawaru gifted it to you on level 6 of the
                  | Lair of Beasts)
 19381 | Lair:6   | Found a staircase to the Slime Pits.
 20276 | Orc:1    | Entered Level 1 of the Orcish Mines
 20276 | Orc:1    | Found Gaorao's Assorted Antiques.
 20327 | Orc:1    | Bought a scroll of teleportation for 81 gold pieces
 20327 | Orc:1    | Bought a potion of curing for 81 gold pieces
 20348 | Orc:1    | Found Yklyok Foti's Book Boutique.
 20601 | Orc:1    | Found a frozen archway.
 20642 | Orc:1    | Found Waxov's Jewellery Shoppe.
 21021 | Orc:2    | Entered Level 2 of the Orcish Mines
 21177 | Orc:2    | Found a staircase to the Elven Halls.
 21193 | Orc:2    | Found a transporter.
 21195 | Orc:2    | Noticed feta's ghost (journeyman TrMo)
 21351 | Orc:2    | Found a transporter.
 21376 | Orc:2    | Noticed an orc warlord
 21413 | Orc:2    | Killed an orc warlord
 21413 | Orc:2    | Received a gift from Okawaru
 21665 | Orc:2    | Reached XP level 15. HP: 148/148 MP: 14/14
 21753 | Orc:2    | Paralysed by an ogre mage for 6 turns
 22104 | Orc:2    | Reached skill level 18 in Fighting
 22273 | Orc:2    | Found Zacearph's Armour Emporium.
 22273 | Orc:2    | Found Gainaces's Jewellery Boutique.
 22273 | Orc:2    | Found Oguom's Gadget Shop.
 22273 | Orc:2    | Found Aggigh's Antique Armour Emporium.
 22388 | Orc:2    | Bought a warped plate armour for 868 gold pieces
 22400 | Orc:2    | Identified the +7 plate armour "Hugeri" {*Slow +Blink
                  | rPois} (You bought it in a shop on level 2 of the Orcish
                  | Mines)
 22812 | Snake:1  | Entered Level 1 of the Snake Pit
 23213 | Snake:1  | Found Ybea's Assorted Antiques.
 23222 | Snake:1  | Bought 2 scrolls of enchant armour for 360 gold pieces
 23733 | Snake:1  | Noticed Aizul
 23751 | Snake:1  | Killed Aizul
 24193 | Snake:2  | Received a gift from Okawaru
 24196 | Snake:2  | Got a scorched scimitar {god gift}
 24197 | Snake:2  | Identified the +3 scimitar "Ogreslayer" {protect, rElec MR+
                  | SInv} (Okawaru gifted it to you on level 2 of the Snake
                  | Pit)
 24219 | Snake:2  | Noticed Azrael
 24234 | Snake:2  | Killed Azrael
 25335 | Snake:3  | Received a gift from Okawaru
 25444 | Snake:3  | Noticed a nagaraja
 25792 | Snake:2  | Killed a nagaraja
 25977 | Snake:3  | Reached skill level 19 in Fighting
 25993 | Snake:3  | Reached XP level 16. HP: 132/160 MP: 15/15
 26098 | Snake:3  | Got an iridescent long sword {god gift}
 26099 | Snake:3  | Identified the +7 long sword of Ishraw {flame, rN+ MP-9
                  | Int+2} (Okawaru gifted it to you on level 3 of the Snake
                  | Pit)
 26131 | Snake:3  | Identified the ring of Fyrut {Fire rElec rN+ Dex+3 Stlth+}
                  | (You acquired it on level 3 of the Snake Pit)
 26131 | Snake:3  | Identified the +2 pair of gloves "Tygguo" {MR+ rCorr Str+4
                  | Slay+2} (You acquired it on level 3 of the Snake Pit)
 26147 | Snake:3  | Identified the amulet "Ovianuk" {Faith rPois MP-9 Dex+5
                  | SInv} (You acquired it on level 3 of the Snake Pit)
 26557 | Snake:3  | Received a gift from Okawaru
 27060 | Snake:4  | Entered Level 4 of the Snake Pit
 27068 | Snake:4  | Found Ezxeen Tiong's Armour Emporium.
 27670 | Snake:4  | Received a gift from Okawaru
 28564 | Snake:3  | Reached skill level 15 in Armour
 30207 | Snake:4  | Reached skill level 20 in Fighting
 30381 | Snake:4  | Received a gift from Okawaru
 30397 | Snake:4  | Got a transparent scimitar {god gift}
 30421 | Snake:4  | Identified the +7 scimitar of the Vulture {vorpal, Int+4}
                  | (Okawaru gifted it to you on level 4 of the Snake Pit)
 30616 | Snake:4  | Reached skill level 15 in Shields
 30773 | Snake:4  | Got a serpentine rune of Zot
 31267 | Vaults:1 | Entered Level 1 of the Vaults
 31364 | D:15     | Killed Louise
 31607 | D:15     | Reached XP level 17. HP: 162/170 MP: 16/16
 31691 | D:15     | Found a staircase to the Depths.
 31855 | D:15     | Found a portal to a secret trove of treasure.
 32151 | D:15     | Reached skill level 15 in Long Blades
 32446 | Depths:1 | Entered Level 1 of the Depths
 33445 | Depths:1 | Received a gift from Okawaru
 33496 | Depths:1 | Found a gateway to a ziggurat.
 33496 | Depths:1 | Identified the +0 large shield of Apathy {*Slow Str+5}
 33674 | Depths:1 | Found a gateway to Hell.
 34256 | Depths:1 | Got a pitted plate armour
 34267 | Depths:1 | Identified the +10 plate armour "Vesh" {rF+} (You found it
                  | on level 1 of the Depths)
 34776 | Depths:1 | Reached skill level 21 in Fighting
 35002 | Depths:2 | Found a one-way gate leading to the halls of Pandemonium.
 35318 | Depths:2 | Noticed Saint Roka
 35347 | Depths:2 | Received a gift from Okawaru
 35423 | Depths:2 | Found a one-way gate to the infinite horrors of the Abyss.
 35464 | Depths:2 | Reached XP level 18. HP: 161/182 MP: 17/17
 36036 | Depths:2 | Found a hazy altar of Hepliaklqana.
 36547 | Depths:3 | Noticed a lich
 36705 | Depths:2 | Received a gift from Okawaru
 36711 | Depths:2 | Got an iridescent falchion {god gift}
 37244 | Shoals:1 | Entered Level 1 of the Shoals
 37457 | Shoals:1 | Found a gateway to a bazaar.
 37998 | Shoals:2 | Reached skill level 22 in Fighting
 38341 | Shoals:2 | Found a runed translucent gate.
 38341 | Shoals:2 | Found a runed translucent gate.
 38341 | Shoals:2 | Found a runed translucent gate.
 38342 | Shoals:2 | Noticed dogaso222's ghost (adept HaHu)
 38479 | Shoals:2 | Reached skill level 15 in Dodging
 38868 | Shoals:2 | Upgraded the game from 0.25-a0-458-g6fc7858b95 to
                  | 0.25-a0-464-g3004169c2b
 38954 | Shoals:2 | Received a gift from Okawaru
 39249 | Shoals:2 | Identified the ring of Woledeacots {rPois rF+ rN+}
 40003 | Shoals:3 | Reached XP level 19. HP: 193/193 MP: 18/18
 40189 | Shoals:3 | Noticed Polyphemus
 40257 | Shoals:3 | Killed Polyphemus
 40889 | Shoals:4 | Entered Level 4 of the Shoals
 41076 | Shoals:4 | Reached XP level 20. HP: 202/202 MP: 19/19
 41926 | Shoals:4 | Received a gift from Okawaru
 41957 | Shoals:4 | Got a barnacled rune of Zot
 43549 | Depths:3 | Received a gift from Okawaru
 43557 | Depths:3 | Got a distressingly furry shield {god gift}
 43568 | Depths:3 | Identified the +0 shield "Ipugocas" {rElec} (Okawaru gifted
                  | it to you on level 3 of the Depths)
 45056 | Depths:4 | Reached skill level 23 in Fighting
 45297 | Depths:4 | Reached XP level 21. HP: 205/211 MP: 20/20
 45300 | Depths:4 | Received a gift from Okawaru
 46288 | Depths:4 | Received a gift from Okawaru
 46368 | Depths:4 | Upgraded the game from 0.25-a0-464-g3004169c2b to
                  | 0.25-a0-471-g78e40d7af6
 46395 | Depths:4 | Identified the +6 hand axe "Qudgh" {freeze, rC+ Str+3
                  | Stlth+}
 46419 | Depths:4 | Noticed a caustic shrike
 46442 | Depths:4 | Killed a caustic shrike
 46456 | Depths:4 | Cast into level 2 of the Abyss (a wizard)
 46458 | Abyss:2  | Found a corrupted altar of Lugonu.
 46517 | Abyss:2  | Found a shimmering blue altar of Sif Muna.
 46710 | Abyss:2  | Paralysed by accursed screaming for 1 turns
 46717 | Abyss:2  | HP: 14/318 [frost giant skeleton (7)]
 46717 | Abyss:2  | HP: 3/318 [starcursed mass/accursed screaming (11)]
 46717 | Abyss:2  | Paralysed by accursed screaming for 2 turns
 46718 | Abyss:2  | Killed from afar by a starcursed mass (illusionary)

Levels and vault maps discovered:
D:1:      grunt_arrival_crossed_arrows, layout_basic
D:2:      layout_basic, chequers_decorated_corner, uniq_jessica
D:3:      layout_rooms, lemuel_crystal_altar, first_ration,
          nicolae_ru_the_path_less_chosen, uniq_sigmund
D:4:      layout_loops_ring, serial_bayou_lake_a
D:5:      layout_cave_pods
D:6:      layout_rooms
D:7:      layout_basic, minmay_temple_entry_junction, grunt_livestock,
          minmay_misc_feat_x, chequers_garden, lightli_church_of_beogh
D:8:      layout_basic, hex_medium, bh_walls_and_bars, uniq_psyche
D:9:      layout_basic, grunt_lair_entry_orc_guard_hut,
          lightli_bailey_entry_fortress
D:10:     layout_rooms, serial_shops, kennysheep_little_box,
          chequers_serial_rivers_micro_b
D:11:     wad_woods_stonehenge, layout_irregular_city, orc_0_dummy
D:12:     layout_loops_ring
D:13:     layout_basic
D:14:     layout_loops_cross, skrybe_vaults_entry_preservation,
          amethyst_killhole
D:15:     gammafunk_depths_entry_grave, layout_loops_ring, enter_trove_2,
          serial_bayou_shore_a, lemuel_flame_loot_1, uniq_louise
Temple:   grunt_wide_crystal_templ
Lair:1:   layout_hall_layers, lemuel_fruit_fields, lemuel_fruit_fields
Lair:2:   layout_regular_city, elwin_shoals_entry_rooms,
          minmay_snake_entry_guardpost_small, basic_altar, grunt_megastairs_4
Lair:3:   layout_roguey, minmay_lair_oklob_chamber, grunt_megastairs_5
Lair:4:   layout_regular_city, lemuel_fruit_tree
Lair:5:   layout_long_grid, grunt_megastairs_3
Lair:6:   cheibrodos_lair_end_hotspot, layout_loops_ring, slime_dummy,
          gauntlet_entry_generic, st_stairs_12, bh_autumn_forest_stairs,
          minmay_lair_drake_nest
Shoals:1: layout_shoals, serial_shops, freezing_bzr
Shoals:2: layout_shoals, gammafunk_ghost_tricky_traps
Shoals:3: layout_shoals, uniq_polyphemus
Shoals:4: shoals_end_simple, layout_shoals, nicolae_shoals_undead_eyrie
Snake:1:  layout_honeycomb, serial_shops, shop, uniq_aizul
Snake:2:  layout_onion, grunt_ministairs_11, uniq_azrael
Snake:3:  layout_misc_corridors, st_stairs_1, nicolae_snake_springs
Snake:4:  snake_pit, layout_onion, serial_shops, nicolae_shop_behind_doors
Orc:1:    layout_diamond_mine, serial_shops, shop_coins, nicolae_shop_trees,
          nicolae_shop_crystal, portal_ice_cave_entry_imps
Orc:2:    st_orc_ogre_mass, layout_diamond_mine, gammafunk_ghost_stat_death
Vaults:1: gammafunk_vaults_ghost_spectres, hangedman_vaults_nails,
          v_alt_pattern_6, st_greater_box_1, ontoclasm_vaults_ring_square,
          v_misc_12, v_misc_9, v_pattern_4, ontoclasm_vaults_gateway,
          vaults_mumra_chevron_long, vaults_room_fancy_cross, v_rooms_5,
          layout_vaults_omnibox
Depths:1: layout_basic, enter_ziggurat_d, grunt_hell_entry_dis_grunt,
          minivault_11, hangedman_abyss_or_decor_slice,
          hangedman_abyss_or_decor_passed, kennysheep_flooded_box, hex_large,
          minmay_gold_behind_fungi, serial_sigils_hangedman_quiver,
          grunt_ministairs_15, kennysheep_generic_room_16
Depths:2: cheibrodos_birdhouse, layout_gridlike, lemuel_statue_altar,
          abyss_entry, hell_entry, pan_entry, abandoned_shop, uniq_saint_roka
Depths:3: kennysheep_blocky_room, layout_small_grid,
          chequers_serial_rivers_small_3, hangedman_coc_ice_floe,
          rand_demon_pan_entry_9, chequers_serial_rivers_small_3,
          infiniplex_staircase_zigzag_2
Depths:4: hangedman_pleasuredromes, abyss_entry, hell_entry
Abyss:2:  base: Lair:5, eino_small_chamber_without_monster,
          eino_small_chamber_without_monster,
          eino_small_chamber_without_monster, evilmike_abyss_exit_smiterflies

Skill      XL: |  1  2  3  4  5  6  7  8  9 10 11 12 13 14 15 16 17 18 19 20 21 |
---------------+----------------------------------------------------------------+-----
Fighting       | 4 5 6 7 9 10 12 13 14 16 17 19 20 21 22 23 | 23.4
Long Blades    | 3 4 5 6 7 8 9 10 11 12 13 14 15 16 18 | 18.8
Armour         | 4 5 6 8 9 10 11 12 13 14 15 17 18 19 20 | 20.7
Dodging        | 1 2 3 4 6 7 8 9 10 11 12 13 14 15 16 | 16.7
Shields        | 4 5 6 8 9 10 11 12 13 14 15 16 17 18 | 18.3
Maces & Flails | 2 5 |  5.0

Action                   |  1- 3 |  4- 6 |  7- 9 | 10-12 | 13-15 | 16-18 | 19-21 || total
-------------------------+-------+-------+-------+-------+-------+-------+-------++-------
Melee: Long sword        |    57 |   139 |   166 |       |       |    67 |       ||   429
       Headbutt          |     9 |    23 |    88 |   186 |   453 |   471 |   336 ||  1566
       Falchion          |       |       |   244 |   644 |  1197 |     2 |       ||  2087
       Flail             |       |       |       |    68 |       |       |       ||    68
       Scimitar          |       |       |       |       |    64 |   110 |       ||   174
       Double sword      |       |       |       |       |       |   272 |       ||   272
       Demon blade       |       |       |       |       |       |   815 |   881 ||  1696
Invok: Heroism           |       |       |       |    21 |    50 |    79 |    34 ||   184
       Finesse           |       |       |       |       |       |     1 |       ||     1
Evoke: Wand              |       |       |       |     1 |       |       |       ||     1
  Use: Scroll            |     5 |     6 |     5 |    14 |    11 |    11 |     9 ||    61
       Potion            |       |     1 |     1 |     1 |     6 |     6 |     9 ||    24
 Stab: Sleeping          |       |       |       |       |     1 |       |       ||     1
       Distracted        |       |       |       |       |       |     1 |       ||     1
  Eat: Chunk             |       |     6 |    23 |    22 |    39 |    25 |     9 ||   124
       Ration            |       |       |     1 |       |       |     5 |     5 ||    11
Armor: Scale mail        |    22 |    19 |   156 |   230 |   265 |   133 |       ||   825
       Ring mail         |       |     4 |       |       |       |       |       ||     4
       Plate armour      |       |    37 |    20 |       |       |   216 |   275 ||   548
       Skin              |       |       |       |       |       |       |     3 ||     3
Dodge: Dodged            |    21 |    37 |   165 |   282 |   637 |   592 |   418 ||  2152
Block: Shield            |    35 |    63 |   249 |   462 |   768 |   920 |   686 ||  3183
       Rpst.: Long sword |     6 |    12 |    23 |       |       |     4 |       ||    45
       Falchion          |       |       |    21 |    46 |   105 |       |       ||   172
       Scimitar          |       |       |       |       |    15 |     5 |       ||    20
       Double sword      |       |       |       |       |       |    15 |       ||    15
       Demon blade       |       |       |       |       |       |    56 |    64 ||   120

Table legend:
 A = Non-vault XP
 B = Vault XP
 C = Vault XP percentage of total XP
 D = Non-vault monster count
 E = Vault monster count
 F = Vault count percentage of total count
                 A         B        C        D         E       F
            +---------+---------+-------+---------+---------+-------
      Total |  313115 |  238246 |  43.2 |     981 |     404 |  29.2
            +---------+---------+-------+---------+---------+-------
        D:1 |      36 |       0 |   0.0 |      22 |       0 |   0.0
        D:2 |      88 |      37 |  29.6 |      25 |       1 |   3.8
        D:3 |     100 |     223 |  69.0 |      12 |       1 |   7.7
        D:4 |     360 |       0 |   0.0 |      15 |       0 |   0.0
        D:5 |    1012 |       0 |   0.0 |      35 |       0 |   0.0
        D:6 |     737 |       0 |   0.0 |      20 |       0 |   0.0
        D:7 |    1174 |    1454 |  55.3 |      27 |      30 |  52.6
        D:8 |    2269 |     404 |  15.1 |      22 |       1 |   4.3
        D:9 |    1702 |     762 |  30.9 |      17 |      17 |  50.0
       D:10 |    2360 |       0 |   0.0 |      26 |       0 |   0.0
       D:11 |    6568 |    1270 |  16.2 |      58 |       8 |  12.1
       D:12 |    6312 |       0 |   0.0 |      43 |       0 |   0.0
       D:13 |    4745 |       0 |   0.0 |      29 |       0 |   0.0
       D:14 |   10101 |    5625 |  35.8 |      32 |       9 |  22.0
       D:15 |    8008 |    6246 |  43.8 |      25 |       9 |  26.5
     Lair:1 |    2055 |       0 |   0.0 |      12 |       0 |   0.0
     Lair:2 |    3123 |    3026 |  49.2 |      13 |       9 |  40.9
     Lair:3 |    6757 |     247 |   3.5 |      27 |       1 |   3.6
     Lair:4 |    6239 |       0 |   0.0 |      24 |       0 |   0.0
     Lair:5 |    6358 |    1612 |  20.2 |      24 |       8 |  25.0
     Lair:6 |    8125 |    4774 |  37.0 |      19 |      16 |  45.7
   Shoals:1 |   11296 |       0 |   0.0 |      22 |       0 |   0.0
   Shoals:2 |   20223 |       0 |   0.0 |      38 |       0 |   0.0
   Shoals:3 |   17691 |    5715 |  24.4 |      39 |       5 |  11.4
   Shoals:4 |   10424 |   25580 |  71.0 |      24 |      46 |  65.7
    Snake:1 |   11939 |    1617 |  11.9 |      20 |       1 |   4.8
    Snake:2 |   10534 |    6658 |  38.7 |      18 |      12 |  40.0
    Snake:3 |   13740 |   10004 |  42.1 |      27 |      25 |  48.1
    Snake:4 |   12416 |   29348 |  70.3 |      23 |      43 |  65.2
      Orc:1 |    3318 |    1164 |  26.0 |      44 |      14 |  24.1
      Orc:2 |    3964 |   16670 |  80.8 |      36 |      35 |  49.3
   Depths:1 |   29192 |    9203 |  24.0 |      39 |      14 |  26.4
   Depths:2 |   61543 |    9168 |  13.0 |      74 |      10 |  11.9
   Depths:3 |   16981 |   21863 |  56.3 |      23 |      22 |  48.9
   Depths:4 |    2377 |   75576 |  97.0 |       5 |      67 |  93.1
    Abyss:2 |    9248 |       0 |   0.0 |      22 |       0 |   0.0
            +---------+---------+-------+---------+---------+-------
